 Dungeon Crawl Stone Soup version 0.27-a0-998-g4cfe56dd59 (webtiles) character file.

Game seed: 4709945675685684517

26580 siradein the Basher (level 12, 0/89 HPs)
             Began as a Demonspawn Gladiator on Apr 16, 2021.
             Was a Priest of Ashenzari.
             Slain by a komodo dragon (1 damage)
             ... while petrified by a catoblepas
             ... on level 2 of the Lair of Beasts.
             The game lasted 01:24:24 (13771 turns).

siradein the Basher (Demonspawn Gladiator)         Turns: 13771, Time: 01:24:25

Health: 0/89       AC: 12    Str: 25    XL:     12   Next: 99%
Magic:  12/12      EV:  2    Int: 11    God:    Ashenzari [***...]
Gold:   1328       SH:  0    Dex: 27    Spells: 11/11 levels left

rFire    . . .     SeeInvis +   o - +6 dire flail "Restrained Together" {vorpal, Elem, Self} (curse)
rCold    . . .     Faith    .   (shield currently unavailable)
rNeg     + + +     Spirit   .   k - +2 scale mail {rPois}
rPois    ∞         Reflect  .   (helmet restricted)
rElec    .         Harm     .   s - +0 cloak of the Eternal Negation {Fort, Alch} (curse)
rCorr    .         Rampage  .   (no gloves)
Will     .....     Clarity  +   M - +0 pair of boots "Restrained Together" {Int+2 Dex+5 Slay+2, Melee, Bglg} (curse)
Stlth    +.........             b - amulet of Ashenzari's Discomfort {Regen+, Cun, Melee} (curse)
HPRegen  1.24/turn              a - +6 ring of strength
MPRegen  0.26/turn              D - +6 ring of dexterity

@: petrified
A: antennae 2, magic regeneration
a: Renounce Religion, Shatter the Chains


You were on level 2 of the Lair of Beasts.
You worshipped Ashenzari.
Ashenzari was most pleased with you.
You visited 3 branches of the dungeon, and saw 15 of its levels.

You collected 1328 gold pieces.

Inventory:

Hand Weapons
 o - the cursed +6 dire flail "Restrained Together" (weapon) {vorpal, Elem, Self}
   (You took it off Edmund on level 3 of the Dungeon)

   It inflicts extra damage upon your enemies.
   It has a curse which improves the following skills: Elements: Fire Magic, Ice
   Magic, Air Magic and Earth Magic.
   Introspection: Fighting and Spellcasting.
 L - a +4 scimitar of flaming
Missiles
 d - 5 throwing nets
 n - 15 boomerangs (quivered)
 B - 2 curare-tipped darts
Armour
 k - a +2 scale mail of poison resistance (worn)
 s - the cursed +0 cloak of the Eternal Negation (worn) {Fort, Alch}
   (You found it on level 5 of the Dungeon)

   It has a curse which improves the following skills: Fortitude: Armour and
   Shields.
   Alchemy:   Poison Magic and Transmutations.
 M - the cursed +0 pair of boots "Restrained Together" (worn) {Int+2 Dex+5 Slay+2, Melee, Bglg}
   (You found it on level 2 of the Lair of Beasts)

   It affects your intelligence (+2).
   It affects your dexterity (+5).
   It affects your accuracy and damage with ranged weapons and melee attacks
   (+2).
   It has a curse which improves the following skills: Melee Combat: Short
   Blades, Long Blades, Axes, Maces & Flails, Polearms, Staves and Unarmed
   Combat.
   Beguiling: Conjurations, Hexes and Translocations.
Jewellery
 a - a +6 ring of strength (left hand)
 b - the cursed amulet of Ashenzari's Discomfort (around neck) {Regen+, Cun, Melee}
   (You found it on level 1 of the Dungeon)

   [amulet of regeneration]

   It increases your rate of health regeneration.
   It has a curse which improves the following skills: Cunning: Dodging and
   Stealth.
   Melee Combat: Short Blades, Long Blades, Axes, Maces & Flails, Polearms,
   Staves and Unarmed Combat.
 v - a ring of see invisible
 z - a ring of protection from fire
 C - an amulet of guardian spirit
 D - a +6 ring of dexterity (right hand)
 G - a +6 ring of intelligence
 K - an amulet of reflection
 O - a ring of wizardry
Wands
 r - a wand of flame (11)
 u - a wand of charming (14)
 w - a wand of iceblast (19)
 A - a wand of polymorph (11)
 I - a wand of acid (11)
 J - a wand of mindburst (14)
Scrolls
 c - 8 scrolls of enchant armour
 f - 8 scrolls of teleportation
 g - 4 scrolls of fear
 h - 2 scrolls of amnesia
 i - a scroll of blinking
 l - 7 scrolls of identify
 m - a scroll of torment
 p - 2 scrolls of fog
 x - a scroll of silence
 y - 2 scrolls of magic mapping
Potions
 e - 4 potions of flight
 j - 6 potions of curing
 q - 2 potions of heal wounds
 t - 2 potions of berserk rage
 E - 2 potions of might
 F - a potion of invisibility
 H - a potion of ambrosia
 N - a potion of haste


   Skills:
 + Level 4.9(6.8) Fighting
 + Level 14.9(18.2) Maces & Flails
 - Level 10.3(15.7) Staves
 - Level 1.7 Throwing
 + Level 3.9(5.7) Armour
 + Level 5.0(6.8) Dodging
 + Level 4.3 Evocations


You had 11 spell levels left.
You didn't know any spells.
Your spell library contained the following spells:

 Spells                   Type           Power      Damage    Failure   Level
 Apportation              Tloc           0%         N/A       56%         1
 Beastly Appendage        Tmut           0%         N/A       56%         1
 Corona                   Hex            0%         N/A       56%         1
 Foxfire                  Conj/Fire      0%         2x1d4     56%         1
 Freeze                   Ice            0%         1d3       56%         1
 Animate Skeleton         Necr           0%         N/A       61%         1
 Summon Small Mammal      Summ           0%         N/A       61%         1
 Slow                     Hex            0%         N/A       71%         2
 Wereblood                Tmut           0%         N/A       71%         2
 Call Imp                 Summ           0%         N/A       75%         2
 Sublimation of Blood     Necr           0%         N/A       75%         2
 Conjure Flame            Conj/Fire      0%         6-21      91%         3
 Frozen Ramparts          Ice            0%         1d2       91%         3
 Ignite Poison            Fire/Tmut/Pois 0%         N/A       91%         3
 Inner Flame              Hex/Fire       0%         N/A       91%         3
 Ozocubu's Armour         Ice            0%         N/A       91%         3
 Portal Projectile        Hex/Tloc       0%         N/A       91%         3
 Spider Form              Tmut/Pois      0%         N/A       91%         3
 Summon Guardian Golem    Hex/Summ       0%         N/A       91%         3
 Call Canine Familiar     Summ           0%         N/A       93%         3
 Cause Fear               Hex            0%         N/A       100%        4
 Hailstorm                Conj/Ice       0%         3d3       100%        4
 Ice Form                 Ice/Tmut       0%         N/A       100%        4
 Leda's Liquefaction      Hex/Erth       0%         N/A       100%        4
 Petrify                  Tmut/Erth      0%         N/A       100%        4
 Sticky Flame             Conj/Fire      0%         2d3       100%        4
 Summon Ice Beast         Ice/Summ       0%         N/A       100%        4
 Summon Lightning Spire   Summ/Air       0%         N/A       100%        4
 Alistair's Intoxication  Tmut/Pois      0%         N/A       100%        5
 Fireball                 Conj/Fire      0%         3d3       100%        5
 Hydra Form               Tmut           0%         N/A       100%        5
 Irradiate                Conj/Tmut      0%         3d13      100%        5
 Metabolic Englaciation   Hex/Ice        0%         N/A       100%        5
 Eringya's Noxious Bog    Tmut/Pois      0%         N/A       100%        6


Dungeon Overview and Level Annotations

Branches:
Dungeon (11/15)            Temple (1/1) D:4            Lair (3/6) D:10
  Swamp: Lair:2-4    Shoals: Lair:2-4     Snake: Lair:2-4    Spider: Lair:2-4
    Orc: D:9-12

Altars:
Ashenzari
Cheibriados
Dithmenos
Elyvilon
Fedhas
Gozag
Hepliaklqana
Kikubaaqudgha
Makhleb
Nemelex Xobeh
Okawaru
Qazlal
Ru
Sif Muna
Trog
Uskayaw
Vehumet
Wu Jian
Xom
Yredelemnul
Zin
The Shining One

Shops:
D:2 =

Annotations:
Lair:2 exclusion: 2 oklob plants


Innate Abilities, Weirdness & Mutations

You have a pair of antennae on your head.
You regenerate magic rapidly.


Message History

Level annotation: exclusion: 2 oklob plants
There is a stone staircase leading down here.
You start resting.
HP restored.
You climb downwards.
The cane toad misses you. The komodo dragon closely misses you.
The cane toad stings you but does no damage.
The catoblepas breathes a plume of calcifying dust at you.
The blast of calcifying dust hits you but does no damage.
The komodo dragon bites you!!
There is a stone staircase leading up, spattered with blood here.
You are engulfed in calcifying dust.
You are slowing down.
The cane toad barely misses you.
The komodo dragon bites you but does no damage.
You climb upwards.
Level annotation: exclusion: 2 oklob plants You have turned to stone.
The cane toad stings you!
The komodo dragon bites you but does no damage.
The cane toad stings you!
The cane toad stings you but does no damage.
The komodo dragon bites you! The cane toad stings you!
The komodo dragon bites you. The cane toad stings you!
The komodo dragon bites you!
The cane toad stings you but does no damage.
The komodo dragon bites you!!
* * * LOW HITPOINT WARNING * * *
The cane toad barely misses you. The komodo dragon bites you!!
* * * LOW HITPOINT WARNING * * *
The cane toad stings you!
* * * LOW HITPOINT WARNING * * *
The cane toad stings you!
* * * LOW HITPOINT WARNING * * *
The komodo dragon bites you!
* * * LOW HITPOINT WARNING * * *
The cane toad stings you.
* * * LOW HITPOINT WARNING * * *
The komodo dragon bites you.
You die...

# ###.......##...##...## ###
##.).....##.###....## ..#
#.#......#..# #.....# .##
#####...##.#####..P## ##
##..#......P).P# ##
#............## P# ###
#.##.........##
.####.##########...###..#.P(.#
.##....P.#....##@F.#####.#...##
...............#.l..# ##.....#
.#....#........#..P## ##...##
####......P.......## ##### #
####...##..##### #.######.# ###
###


You could see a komodo dragon and a cane toad.

Vanquished Creatures
  The ghost of robertstho the Grappler, a journeyman TrBe of Trog (Lair:2)
  2 hydras
  Erica (Lair:1)
  5 two-headed ogres
  3 death yaks (D:10)
  The ghost of tardwrangler69 the Geomancer, a novice DrEE of Sif Muna (D:8)
  Pikel (D:7)
  A cyclops (D:7)
  Joseph (D:8)
  3 black mambas
  5 cane toads
  A rime drake (Lair:1)
  A kobold demonologist (D:11)
  6 komodo dragons
  An unseen horror (D:11)
  3 trolls
  A queen bee (shapeshifter) (D:11)
  4 hornets
  Prince Ribbit (D:7)
  A wind drake (shapeshifter) (D:10)
  9 blink frogs
  Sigmund (D:5)
  A shadow (D:11)
  A wraith (D:11)
  5 yaks
  A wyvern (D:9)
  Menkaure (D:7)
  A steam dragon (D:9)
  Edmund (D:3)
  A water moccasin (Lair:2)
  3 acid dragons
  3 orc warriors
  2 ice beasts
  3 sky beasts (D:7)
  5 black bears
  A hornet zombie (D:8)
  A necrophage (D:6)
  An ogre (D:7)
  4 wolves (Lair:2)
  7 centaurs
  A phantom (D:3)
  2 kobold brigands
  14 bullfrogs
  A gnoll sergeant (D:10)
  A scorpion (D:6)
  A wyvern zombie (D:7)
  12 killer bees
  2 howler monkeys
  9 centaur zombies
  2 bullfrog zombies (D:5)
  3 centaur skeletons
  2 hounds (D:4)
  4 jellies
  11 orc priests
  A gnoll shaman (D:6)
  3 iguanas
  15 orc wizards
  A scorpion zombie (D:5)
  4 hell rats (D:10)
  A killer bee zombie (D:7)
  2 hound skeletons (D:4)
  3 howler monkey zombies
  2 howler monkey skeletons (D:8)
  5 adders
  10 gnolls
  A river rat (D:10)
  6 shadow imps
  2 white imps
  A howler monkey simulacrum (D:8)
  3 ufetubi
  An adder zombie (D:4)
  3 worms
  3 dart slugs
  45 orcs
  9 ball pythons
  8 endoplasms
  5 giant cockroaches
  7 goblins
  7 hobgoblins
  16 jackals
  10 quokkas
  A bat (D:3)
  3 frilled lizards
  11 kobolds
  5 rats
354 creatures vanquished.

Vanquished Creatures (others)
  A kobold brigand (D:9)
  6 fungi (Lair:2)
  2 plants
9 creatures vanquished.

Grand Total: 363 creatures vanquished

Notes
Turn   | Place    | Note
-------+----------+-------------------------------------------
     0 | D:1      | siradein the Demonspawn Gladiator began the quest for the
                  | Orb.
     0 | D:1      | Reached XP level 1. HP: 16/16 MP: 1/1
   155 | D:1      | Found a faded altar of an unknown god.
   200 | D:1      | Gained mutation: You have a pair of small antennae on your
                  | head. [demonic ancestry]
   200 | D:1      | Reached XP level 2. HP: 22/22 MP: 2/2
   547 | D:1      | Reached XP level 3. HP: 27/27 MP: 3/3
  1297 | D:2      | Found Liacekla's Jewellery Boutique.
  1326 | D:2      | Reached XP level 4. HP: 31/33 MP: 4/4
  1883 | D:3      | Reached skill level 5 in Staves
  1901 | D:3      | Reached XP level 5. HP: 38/38 MP: 5/5
  2190 | D:3      | Found a transporter.
  2191 | D:3      | Found a transporter.
  2579 | D:4      | Noticed a phantom
  2619 | D:3      | Killed a phantom
  2683 | D:4      | Found a staircase to the Ecumenical Temple.
  2716 | Temple   | Entered the Ecumenical Temple
  2988 | Temple   | Became a worshipper of Ashenzari the Shackled
  3053 | D:4      | Reached XP level 6. HP: 44/44 MP: 6/6
  3086 | D:4      | Noticed Edmund
  3281 | D:3      | Killed Edmund
  3369 | D:4      | Found a shimmering blue altar of Sif Muna.
  3527 | D:4      | Gained mutation: You have a pair of antennae on your head.
                  | [demonic ancestry]
  3527 | D:4      | Reached XP level 7. HP: 50/50 MP: 7/7
  3625 | D:4      | Found a basalt altar of Yredelemnul.
  4103 | D:5      | Entered Level 5 of the Dungeon
  4390 | D:5      | Found a hazy altar of Hepliaklqana.
  4567 | D:5      | Noticed Sigmund
  4594 | D:5      | Killed Sigmund
  4595 | D:5      | Gained mutation: You regenerate magic rapidly. [demonic
                  | ancestry]
  4595 | D:5      | Reached XP level 8. HP: 24/56 MP: 8/8
  5251 | D:7      | Reached skill level 10 in Staves
  5343 | D:6      | Reached skill level 1 in Maces & Flails
  5424 | D:7      | Reached skill level 2 in Maces & Flails
  5591 | D:6      | Reached skill level 3 in Maces & Flails
  5826 | D:6      | Reached XP level 9. HP: 61/61 MP: 9/9
  5829 | D:6      | Reached skill level 4 in Maces & Flails
  6034 | D:7      | Reached skill level 5 in Maces & Flails
  6076 | D:7      | Noticed Prince Ribbit
  6203 | D:7      | Reached skill level 6 in Maces & Flails
  6271 | D:7      | Noticed Menkaure
  6277 | D:7      | Killed Menkaure
  6278 | D:7      | Reached skill level 7 in Maces & Flails
  6298 | D:7      | Noticed Pikel
  6339 | D:7      | Killed Pikel
  6340 | D:7      | Reached skill level 8 in Maces & Flails
  6743 | D:7      | Noticed a cyclops
  6748 | D:7      | Reached XP level 10. HP: 59/67 MP: 10/10
  6758 | D:7      | Killed a cyclops
  6759 | D:7      | Reached skill level 9 in Maces & Flails
  6900 | D:7      | Killed Prince Ribbit
  6996 | D:8      | Noticed Joseph
  7020 | D:8      | Killed Joseph
  7132 | D:8      | Reached skill level 10 in Maces & Flails
  7143 | D:8      | Found an iron altar of Okawaru.
  7203 | D:8      | Found a radiant altar of Vehumet.
  7557 | D:8      | Found an ornate altar of the Wu Jian Council.
  7616 | D:8      | Found a runed translucent gate.
  7616 | D:8      | Found a runed translucent gate.
  7617 | D:8      | Found a runed translucent gate.
  7619 | D:8      | Noticed tardwrangler69's ghost (novice DrEE)
  7642 | D:8      | Reached * piety under Ashenzari
  7693 | D:8      | Found a snail-covered altar of Cheibriados.
  7881 | D:9      | Reached skill level 11 in Maces & Flails
  7968 | D:9      | Noticed a two-headed ogre
  8190 | D:9      | Noticed a two-headed ogre
  8218 | D:8      | Paralysed by a hornet for 2 turns
  8408 | D:9      | Reached ** piety under Ashenzari
  8471 | D:9      | Noticed a two-headed ogre
  8480 | D:9      | Killed a two-headed ogre
  8481 | D:9      | Reached XP level 11. HP: 16/76 MP: 11/11
  8647 | D:9      | Killed a two-headed ogre
  8648 | D:9      | Reached skill level 12 in Maces & Flails
  8756 | D:9      | Killed a two-headed ogre
  8801 | D:9      | Reached *** piety under Ashenzari
  9137 | D:10     | Entered Level 10 of the Dungeon
  9253 | D:10     | Found a shimmering altar of Xom.
  9278 | D:10     | Noticed a death yak
  9279 | D:10     | Noticed a death yak
  9289 | D:10     | Killed a death yak
  9289 | D:10     | Noticed a death yak
  9298 | D:10     | Killed a death yak
  9299 | D:10     | Reached skill level 13 in Maces & Flails
  9300 | D:10     | Found a staircase to the Lair.
  9327 | D:10     | Killed a death yak
  9434 | D:10     | Noticed a two-headed ogre
  9441 | D:10     | Killed a two-headed ogre
  9667 | D:10     | Found a shadowy altar of Dithmenos.
 10509 | D:8      | Killed tardwrangler69's ghost
 10510 | D:8      | Reached skill level 14 in Maces & Flails
 10917 | D:11     | Noticed a two-headed ogre
 10942 | D:11     | Killed a two-headed ogre
 10943 | D:11     | Reached XP level 12. HP: 47/83 MP: 12/12
 11040 | D:11     | Noticed a six-headed hydra
 11213 | D:11     | Killed a six-headed hydra
 11306 | D:11     | Found a shimmering altar of Xom.
 11424 | D:11     | Reached skill level 1 in Evocations
 11471 | D:11     | Reached skill level 1 in Armour
 11672 | Lair:1   | Entered Level 1 of the Lair of Beasts
 12386 | Lair:2   | Noticed Erica
 12443 | Lair:1   | Killed Erica
 12511 | Lair:2   | Noticed a four-headed hydra
 12547 | Lair:2   | Killed a four-headed hydra
 12553 | Lair:2   | Upgraded the game from 0.27-a0-988-g25969acef8 to
                  | 0.27-a0-998-g4cfe56dd59
 12731 | Lair:2   | Identified the +0 pair of boots of Boushrig {Int+2 Dex+5
                  | Slay+2}
 12751 | Lair:2   | Noticed robertstho's ghost (journeyman TrBe)
 12756 | Lair:2   | Found a runed translucent door.
 13391 | Lair:2   | Killed robertstho's ghost
 13629 | Lair:3   | Reached skill level 5 in Dodging
 13686 | Lair:3   | Noticed a death yak
 13707 | Lair:3   | Noticed a catoblepas
 13770 | Lair:2   | HP: 3/89 [komodo dragon (5)]
 13771 | Lair:2   | HP: 1/89 [cane toad (3)]
 13771 | Lair:2   | Slain by a komodo dragon

Illustrated notes

Levels and vault maps discovered:
D:1:      dpeg_arrival_solitude, layout_basic,
          shapermc_ecumenical_altar_starsandcircs, serial_co_window_serial,
          co_window_corner_a, co_window_paths_a, co_window_of_opportunity_a,
          co_window_corner_a, co_window_paths_b, co_window_broadway_b,
          co_window_of_opportunity_b, co_window_4corner_a, co_window_4corner_b,
          glass_columns_c, glass_columns_b, minmay_worlds_worst_comb
D:2:      layout_basic, serial_shops, nicolae_shop_statue_plus
D:3:      gammafunk_wand_slinger, layout_basic
D:4:      layout_gridville, lemuel_zombie_altar_yredelemnul,
          overflow_temple_1_default, minmay_temple_entry_gardened_gates,
          uniq_edmund
D:5:      layout_loops_ring, nzn_hepliaklqana_mist_gate, grunt_ministairs_14,
          minivault_11, uniq_sigmund
D:6:      layout_basic
D:7:      wad_guarded_room, layout_basic, chequers_serial_rivers_small_b,
          st_stairs_2, kennysheep_generic_room_3, uniq_menkaure, uniq_pikel,
          uniq_prince_ribbit1
D:8:      layout_loops_cross, lemuel_round_altar, kennysheep_mini,
          lemuel_coloured_pillars_altar, okawaru_trees_1,
          gammafunk_ghost_necromancy, chequers_serial_rivers_marsh,
          grunt_ministairs_14, hangedman_decor_opposing,
          kennysheep_generic_room_5, uniq_joseph
D:9:      minmay_polygon_palace, layout_irregular_city
D:10:     layout_loops_corners, old_standard_altar, lemuel_round_altar,
          dpeg_lair_monsters, kennysheep_generic_room_14
D:11:     kennysheep_blocky_hall, layout_rooms, serial_curves, eino_curves_03,
          eino_curves_03, eino_curves_02, xom_teletrap_fun
Temple:   nicolae_temple_figure_eight
Lair:1:   layout_roguey, beast_lair_carwin_3
Lair:2:   layout_misc_corridors, hellmonk_ghost_happy_afterlife,
          beast_lair_carwin_9, minmay_lair_oklob_chamber, uniq_erica
Lair:3:   nzn_winding_woodlands_small [nzn_winding_woodlands_5x15_split_checker,
          nzn_winding_woodlands_center_triple_pond,
          nzn_winding_woodlands_5x15_cabin], layout_regular_city,
          spider_nest_entry_webs

Skill      XL: |  1  2  3  4  5  6  7  8  9 10 11 12 |
---------------+-------------------------------------+-----
Staves         | 3 4 5 6 7 9 10 | 10.3
Maces & Flails | 3 8 11 14 | 14.9
Evocations     | 4 |  4.3
Armour         | 3 |  3.9
Dodging        | 5 |  5.0
Fighting       | 4 |  4.9
Throwing       | |  1.7

Action                   |  1- 3 |  4- 6 |  7- 9 | 10-12 || total
-------------------------+-------+-------+-------+-------++-------
Melee: Quarterstaff      |   112 |   218 |       |       ||   330
       Dire flail        |       |    24 |   279 |   593 ||   896
Throw: Boomerang         |       |     3 |    26 |       ||    29
Invok: Curse Item        |       |       |       |     5 ||     5
       Shatter the Chain |       |       |       |     1 ||     1
Evoke: Wand              |       |       |       |     1 ||     1
  Use: Potion            |       |       |       |     1 ||     1
       Scroll            |       |       |       |     1 ||     1
Armor: Chain mail        |    67 |       |       |       ||    67
       Plate armour      |     6 |   144 |       |       ||   150
       Scale mail        |       |    17 |   135 |   198 ||   350
Dodge: Dodged            |    35 |    74 |   149 |   260 ||   518

Table legend: (Time is in decaauts)
 A = Elapsed time spent in this place.
 B = Non-inter-level travel time spent in this place.
 C = Inter-level travel time spent in this place.
 D = Time resting spent in this place.
 E = Time spent auto-exploring this place.
 F = Levels seen in this place.
 G = Mean time per level.
                   A        B        C        D        E       F      G
               +--------+--------+--------+--------+--------+-----+--------+
         Total |  13604 |  12891 |    713 |    352 |   9073 |  15 |  906.9 |
       Dungeon |  11284 |  10635 |    649 |    291 |   7382 |  11 | 1025.8 |
        Temple |    296 |    296 |      0 |      0 |    203 |   1 |  296.0 |
          Lair |   2023 |   1960 |     63 |     61 |   1488 |   3 |  674.3 |
               +--------+--------+--------+--------+--------+-----+--------+

Top non-repeatable levels by time:
     D:7: 1253 daAuts
    D:10: 1164 daAuts
     D:1: 1138 daAuts
     D:3: 1131 daAuts
     D:9: 1111 daAuts
     D:8: 1074 daAuts
    D:11: 1065 daAuts
  Lair:2: 1035 daAuts
     D:4: 1007 daAuts
     D:5: 939 daAuts
  Lair:1: 733 daAuts
     D:2: 715 daAuts
     D:6: 682 daAuts
  Temple: 296 daAuts
  Lair:3: 254 daAuts
